 Dungeon Crawl Stone Soup version 0.20-a0-299-gec7c366 (webtiles) character file.

800 tbh1313 the Carver (level 7, 0/56 HPs)
             Began as a Minotaur Gladiator on Dec 15, 2016.
             Was a Follower of Ashenzari.
             Slain by an ogre
             ... wielding a +0 giant club
              (18 damage)
             ... on level 5 of the Dungeon.
             The game lasted 00:09:38 (3628 turns).

tbh1313 the Carver (Minotaur Gladiator)             Turns: 3628, Time: 00:09:39

Health: 0/56       AC: 10    Str: 20    XL:     7   Next: 59%
Magic:  6/6        EV:  8    Int:  7    God:    Ashenzari [*.....]
Gold:   157        SH:  4    Dex: 10    Spells: 6/6 levels left

rFire  . . .     SeeInvis .     a - +0 long sword
rCold  . . .     Gourm    .     u - +0 chain mail
rNeg   . . .     Faith    .     l - +0 buckler (curse)
rPois  .         Spirit   .     c - +0 hat (curse)
rElec  .         Reflect  .     (no cloak)
rCorr  .         Harm     .     i - +0 pair of gloves (curse)
MR     .....                    (no boots)
Stlth  ..........               (no amulet)
                                (no ring)
                                (no ring)

@: no status effects
A: retaliatory headbutt, horns 2
a: Curse Item, Scrying, Renounce Religion


You were on level 5 of the Dungeon.
You worshipped Ashenzari.
Ashenzari was aware of your devotion.
You were not hungry.

You visited 1 branch of the dungeon, and saw 5 of its levels.

You collected 157 gold pieces.


Innate Abilities, Weirdness & Mutations

You reflexively headbutt those who attack you in melee.
You have a pair of horns on your head.


   Skills:
 - Level 2.4 Fighting
 * Level 9.0 Long Blades
 - Level 2.0 Throwing
 - Level 4.0 Armour
 - Level 3.2 Dodging
 - Level 4.0 Shields


You had 6 spell levels left.
You didn't know any spells.

Dungeon Overview and Level Annotations

Branches:
Dungeon (5/15)
 Temple: D:4-7

Altars:
Ashenzari
The Shining One

Inventory:

Hand Weapons
 a - a +0 long sword (weapon)
Missiles
 d - 3 throwing nets (quivered)
Armour
 c - a cursed +0 hat (worn)
 i - a cursed +0 pair of gloves (worn)
 l - a cursed +0 buckler (worn)
 m - a +0 plate armour
 u - a +0 chain mail (worn)
Scrolls
 e - a scroll of fear
 j - 2 scrolls of identify
 n - a scroll of magic mapping
 s - a scroll of teleportation {unknown}
 t - a scroll of recharging {unknown}
Potions
 h - a potion of flight
 p - a potion of brilliance {unknown}
Comestibles
 f - 4 bread rations
 g - a slice of pizza
 k - a beef jerky
 o - a meat ration
 q - 2 chunks of flesh
 r - a royal jelly

..................#
..................#
..................#
..................#
..................#
..................#
..................#
..................#
................@.#
................O.#
..................#
..................#
................$..
..................##
..................#
..................#
.............


You could see an ogre.


Message History

Search for what [Enter for "ashen", or ? for help]? chain
There is a stone staircase leading up here.
You climb upwards.
There is a stone staircase leading down here.
There is an open door here.
Things that are here:
an uncursed ring mail; an uncursed club You see here an uncursed mace.
Things that are here:
an uncursed chain mail; an uncursed hand axe
u - an uncursed chain mail Wear which item? (? for menu, Esc to quit)
You start removing your armour.
You continue taking off your +0 leather armour. x4
You finish taking off your +0 leather armour.
You start putting on your armour.
You continue putting on your uncursed chain mail. x5
You finish putting on your +0 chain mail.
Drop what? 21/52 slots (_ for help) (? for menu, Esc to quit)
You drop a +0 leather armour.
(D) Dungeon
Where to? (Enter - D:4 @ (x,y), ? - help)
You see here an uncursed mace.
Things that are here:
an uncursed ring mail; an uncursed club Eating one of 3 chunks of flesh.
You start eating one of the 3 chunks of flesh.
You are feeling hungry.
This raw flesh tastes terrible.
There is an open door here.
There is a stone staircase leading down here.
You climb downwards.
There is a stone staircase leading up here.
Found a stone staircase leading up.
Found 12 gold pieces.
An ogre comes into view. It is wielding a giant club.
An ogre is nearby!
You hit the ogre.
The ogre is lightly wounded.
You block the ogre's attack.
You slash the ogre!
The ogre is moderately wounded.
The ogre hits you with a giant club!
Your chain mail prevents you from hitting the ogre.
The ogre is moderately wounded.
You hit the ogre but do no damage. Your headbutt misses the ogre.
The ogre is moderately wounded.
The ogre hits you with a giant club.
You hit the ogre. Your headbutt misses the ogre.
The ogre is heavily wounded.
The ogre hits you with a giant club!
You barely miss the ogre.
The ogre is heavily wounded.
You barely miss the ogre.
The ogre is heavily wounded.
The ogre hits you with a giant club!
* * * LOW HITPOINT WARNING * * *
You hit the ogre but do no damage.
The ogre is heavily wounded.
The ogre hits you but does no damage.
You barely miss the ogre.
The ogre is heavily wounded.
The ogre hits you with a giant club!
* * * LOW HITPOINT WARNING * * *
You hit the ogre.
The ogre is severely wounded.
You hit the ogre.
The ogre is severely wounded.
The ogre hits you with a giant club!!
You die...

Vault maps used:
D:1:      co_arrival_square_in_a_square_in_a_square, evilmike_ruin_ashenzari
D:2:      cheibrodos_greedy_goblins, first_bread
D:3:      uniq_sigmund
D:4:      serial_shops, nicolae_shop_behind_doors, nicolae_tso_besieged_by_evil
D:5:      grunt_temple_overflow_cloverleaf

Notes
Turn   | Place    | Note
-------+----------+-------------------------------------------
     0 | D:1      | tbh1313 the Minotaur Gladiator began the quest for the Orb.
     0 | D:1      | Reached XP level 1. HP: 18/18 MP: 0/0
    75 | D:1      | Found a shattered altar of Ashenzari.
   147 | D:1      | Became a worshipper of Ashenzari the Shackled
   190 | D:1      | Reached skill level 1 in Armour
   303 | D:1      | Reached XP level 2. HP: 25/25 MP: 1/1
   530 | D:1      | Reached skill level 4 in Long Blades
   684 | D:2      | Reached skill level 2 in Armour
   852 | D:2      | Reached XP level 3. HP: 19/30 MP: 2/2
   854 | D:2      | Reached skill level 1 in Shields
  1357 | D:2      | Reached skill level 5 in Long Blades
  1367 | D:2      | Reached XP level 4. HP: 36/37 MP: 3/3
  1523 | D:3      | Noticed Sigmund
  1818 | D:3      | Noticed an ice beast
  2147 | D:2      | Killed an ice beast
  2147 | D:2      | Reached skill level 6 in Long Blades
  2147 | D:2      | Reached skill level 2 in Shields
  2147 | D:2      | Reached XP level 5. HP: 42/42 MP: 4/4
  2453 | D:3      | Killed Sigmund
  2453 | D:3      | Reached skill level 7 in Long Blades
  2453 | D:3      | Reached skill level 3 in Shields
  2453 | D:3      | Reached XP level 6. HP: 39/50 MP: 5/5
  2642 | D:3      | Reached * piety under Ashenzari
  2732 | D:4      | Reached skill level 4 in Shields
  2801 | D:4      | Noticed LostInTranslocation's ghost (amateur OpTm)
  2974 | D:4      | Killed LostInTranslocation's ghost
  2974 | D:4      | Reached skill level 8 in Long Blades
  2974 | D:4      | Reached skill level 3 in Armour
  2974 | D:4      | Reached XP level 7. HP: 30/56 MP: 6/6
  3254 | D:4      | Found a glowing golden altar of the Shining One.
  3404 | D:5      | Entered Level 5 of the Dungeon
  3462 | D:5      | Reached skill level 9 in Long Blades
  3462 | D:5      | Reached skill level 4 in Armour
  3628 | D:5      | Slain by an ogre

Vanquished Creatures
  The ghost of LostInTranslocation the Insei, an amateur OpTm of Ru (D:4)
  Sigmund (D:3)
  An ice beast (D:2)
  2 crimson imps
  2 hounds (D:4)
  2 orc priests (D:4)
  A worker ant (D:5)
  An iguana (D:5)
  3 adders
  A white imp (D:4)
  A worm (D:3)
  2 dart slugs (D:2)
  4 leopard geckos
  9 orcs
  4 bats
  5 giant cockroaches
  13 goblins
  11 hobgoblins
  4 jackals (D:3)
  4 kobolds
  A quokka (D:2)
  A ball python (D:5)
  6 frilled lizards
  A goblin zombie (D:4)
  3 hobgoblin zombies (D:4)
  A jackal skeleton (D:4)
  A kobold skeleton (D:4)
  A kobold zombie (D:4)
  2 orc skeletons (D:4)
  2 orc zombies (D:4)
  4 rats
95 creatures vanquished.

Action                   |  1- 3 |  4- 6 |  7- 9 || total
-------------------------+-------+-------+-------++-------
Melee: Long sword        |    70 |   107 |    56 ||   233
       Headbutt          |    10 |    10 |     8 ||    28
Invok: Curse Item        |     2 |     1 |       ||     3
  Use: Scroll            |     6 |     3 |       ||     9
       Potion            |       |     4 |       ||     4
  Eat: Chunk             |     1 |     6 |     2 ||     9
Armor: Leather armour    |    15 |    30 |     3 ||    48
       Chain mail        |       |       |     1 ||     1
Dodge: Dodged            |    46 |    48 |    20 ||   114
Block: Buckler           |     1 |    10 |    11 ||    22
       Rpst.: Long sword |     9 |    17 |     7 ||    33
